 Dungeon Crawl Stone Soup version 0.30.0-29-ga12c61a403 (webtiles) character file.

Game seed: 9807446480626848277

148 qw the Chopper (level 5, 0/32 HPs)
             Began as a Gargoyle Fighter on June 2, 2023.
             Slain by an orc priest
             ... wielding a +0 hand axe
              (3 damage)
             ... on level 4 of the Dungeon.
             The game lasted 00:01:29 (2381 turns).

qw the Chopper (Gargoyle Fighter)                   Turns: 2381, Time: 00:01:29

Health: 0/32       AC: 10    Str: 28    XL:     5   Next: 30%
Magic:  5/5        EV:  9    Int:  8    God:
Gold:   225        SH:  4    Dex:  9    Spells: 4/4 levels left

rFire   . . .        Y - +0 war axe
rCold   . . .        c - +0 buckler
rNeg    + + .        b - +0 scale mail
rPois   inf          (no helmet)
rElec   +            (no cloak)
rCorr   .            (no gloves)
SInv    .            (no boots)
Will    .....        (no amulet) Stlth
                     k - ring of positive energy
HPRegen 0.25/turn    f - +6 ring of strength
MPRegen 0.09/turn

%: no passive effects
@: about to teleport
A: sickness immunity, AC +4, negative energy resistance 1, electricity
resistance, torment resistance 1, petrification resistance
a: no special abilities


You were on level 4 of the Dungeon.
You visited 1 branch of the dungeon, and saw 4 of its levels.

You collected 225 gold pieces.


Innate Abilities, Weirdness & Mutations

You are immune to sickness and miasma.
Your stone body is resilient. (AC +4)
You are immune to poison.
You resist negative energy. (rN+)
You are resistant to electric shocks. (rElec)
You are resistant to unholy torment.
You are immune to petrification.


   Skills:
 - Level 3.2 Fighting
 + Level 4.8 Axes
 - Level 3.2 Armour
 - Level 3.2 Shields


You had 4 spell levels left.
You didn't know any spells.
Your spell library was empty.

Inventory:

Hand Weapons
 p - a +0 flail
 Y - a +0 war axe (weapon)
Armour
 b - a +0 scale mail (worn)
 c - a +0 buckler (worn)
Jewellery
 f - a +6 ring of strength (right hand)
 k - a ring of positive energy (left hand)
Scrolls
 h - a scroll of identify
 j - 2 scrolls of enchant armour
Potions
 d - a potion of might
 e - a potion of mutation {unknown}
 g - 2 potions of haste
 i - a potion of curing {unknown}
 l - a potion of attraction {unknown}
 m - a potion of berserk rage {unknown}
 n - a potion of flight {unknown}
 o - a potion of magic {unknown}

Dungeon Overview and Level Annotations

Branches:
Dungeon (4/15)
 Temple: D:4-7

Altars:


Message History

The puff of flame hits you but does no damage.
The orc wizard gestures at you while chanting.
The magic dart hits you but does no damage.
The orc wizard hits you but does no damage.
The orc priest casts a cantrip, but nothing happens.
The orc wizard hits you but does no damage.
You feel less confused. The orc priest barely misses you.
The orc wizard hits you but does no damage.
You hit the orc wizard.
The orc wizard is moderately wounded.
You closely miss the orc priest.
The orc priest hits you with a +0 hand axe.
The orc wizard hits you but does no damage.
You hit the orc wizard.
The orc wizard is moderately wounded.
You hit the orc priest but do no damage.
The orc priest calls upon Beogh to heal the orc wizard.
The orc wizard's wounds heal themselves!
The orc wizard casts a spell at you. The puff of flame hits you!
The orc wizard barely misses you.
The orc priest hits you but does no damage.
2378 ||| READING scroll of teleportation.
As you read the scroll of teleportation, it crumbles to dust.
You feel strangely unstable.
The orc priest hits you with a +0 hand axe.
The orc wizard barely misses you.
You hit the orc wizard.
The orc wizard is lightly wounded.
You barely miss the orc priest. The orc priest barely misses you.
The orc wizard mumbles some strange words.
The orc wizard flickers and vanishes!
Deactivating autopickup; reactivate with Ctrl-A.
You hit the orc priest but do no damage.
You closely miss something. The orc priest barely misses you.
Something hits you but does no damage.
You barely miss the orc priest. You closely miss something.
The orc priest hits you with a +0 hand axe.
You die...

#..###.##..##.#
#..........##.#
#......#...##.#
#..#####...##.#
#...)......##.#
##.######..##.## #.#
#......#
#########.#######.#####
........@{........#
#########o######### #.#
#.# #.# ... #.# #.# ..#


You could see an orc priest.

Vanquished Creatures
  A hound (D:3)
  4 adders
  A dart slug (D:1)
  8 orcs
  5 ball pythons
  11 bats
  3 endoplasms
  6 giant cockroaches
  6 goblins
  5 hobgoblins
  9 kobolds
  2 frilled lizards (D:1)
  7 rats
68 creatures vanquished.

Notes
Turn   | Place    | Note
-------+----------+-------------------------------------------
     0 | D:1      | qw the Gargoyle Fighter began the quest for the Orb.
     0 | D:1      | Reached XP level 1. HP: 14/14 MP: 1/1
     0 | D:1      | 0 ||| qw: Version: 0.2-a-102-gdf20003
     0 | D:1      | 0 ||| qw: Game counter: 899
     0 | D:1      | 0 ||| qw: Always use a shield: true
     0 | D:1      | 0 ||| qw: God list: Okawaru
     0 | D:1      | 0 ||| qw: Allow faded altars: false
     0 | D:1      | 0 ||| qw: Do Orc after D:15 true
     0 | D:1      | 0 ||| qw: Do second Lair branch before Depths: true
     0 | D:1      | 0 ||| qw: Lair rune preference: random
     0 | D:1      | 0 ||| qw: Plans: Normal, Zot:1-4, Slime:5, God:TSO, Crypt,
                  | Tomb, Pan, Hells, Abyss, Win
     0 | D:1      | 0 ||| PLANNING D:1-11
    23 | D:1      | Reached skill level 2 in Axes
    75 | D:1      | Reached XP level 2. HP: 19/19 MP: 2/2
    84 | D:1      | 84 ||| Stepping ~*~*~tactically~*~*~ (stealth).
    86 | D:1      | 86 ||| Stepping ~*~*~tactically~*~*~ (hiding).
    96 | D:1      | 96 ||| FLEEEEING.
    98 | D:1      | 98 ||| FLEEEEING.
    99 | D:1      | 99 ||| FLEEEEING.
   100 | D:1      | 100 ||| FLEEEEING.
   101 | D:1      | 101 ||| FLEEEEING.
   134 | D:1      | 134 ||| Stepping ~*~*~tactically~*~*~ (stealth).
   214 | D:1      | Reached skill level 3 in Axes
   267 | D:1      | Reached XP level 3. HP: 23/23 MP: 3/3
   317 | D:1      | 317 ||| Stepping ~*~*~tactically~*~*~ (hiding).
   318 | D:1      | 318 ||| Stepping ~*~*~tactically~*~*~ (hiding).
   320 | D:1      | 320 ||| Stepping ~*~*~tactically~*~*~ (hiding).
   636 | D:1      | 636 ||| DROPPING ring of wizardry.
   637 | D:1      | 637 ||| UPGRADING to ring of positive energy.
   638 | D:1      | 638 ||| READING scroll labelled ZOBAELEPTI.
   639 | D:1      | 639 ||| READING 2 scrolls labelled HOTHRO LIHA.
   640 | D:1      | 640 ||| READING scroll labelled KUNUOM RAUXT.
   842 | D:2      | Reached XP level 4. HP: 28/28 MP: 4/4
  1028 | D:2      | 1028 ||| Stepping ~*~*~tactically~*~*~ (stealth).
  1037 | D:2      | Reached skill level 4 in Axes
  1144 | D:2      | 1144 ||| Stepping ~*~*~tactically~*~*~ (hiding).
  1145 | D:2      | 1145 ||| Stepping ~*~*~tactically~*~*~ (hiding).
  1314 | D:2      | 1314 ||| READING scroll labelled MAUTWE WAESEU.
  1315 | D:2      | 1315 ||| READING scroll labelled IVEHOPL XYUD.
  1416 | D:2      | 1416 ||| READING scroll labelled XUKHAAPLYISM.
  1417 | D:2      | 1417 ||| READING scroll labelled NEMICEDI SUFAMP.
  1418 | D:2      | 1418 ||| READING 2 scrolls labelled QYIMNATOIST.
  1419 | D:2      | 1419 ||| READING scroll labelled IKHLYI POXZIRA.
  1419 | D:2      | Identified a scroll of acquirement
  1419 | D:2      | 1419 ||| ACQUIRING +6 ring of strength
  1419 | D:2      | Acquired a +6 ring of strength
  1421 | D:2      | 1421 ||| UPGRADING to +6 ring of strength.
  1422 | D:2      | 1422 ||| DRINKING 2 orange potions.
  1427 | D:2      | 1427 ||| READING 3 scrolls of identify.
  1427 | D:2      | 1427 ||| IDENTIFYING sapphire potion
  1428 | D:2      | 1428 ||| READING 2 scrolls of identify.
  1428 | D:2      | 1428 ||| IDENTIFYING smoky grey potion
  1429 | D:2      | 1429 ||| DROPPING potion of brilliance.
  1430 | D:2      | 1430 ||| DROPPING scroll of fog.
  1431 | D:2      | 1431 ||| DROPPING potion of ambrosia.
  1457 | D:3      | 1457 ||| Stepping ~*~*~tactically~*~*~ (hiding).
  1504 | D:3      | 1504 ||| Stepping ~*~*~tactically~*~*~ (stealth).
  1508 | D:3      | 1508 ||| Stepping ~*~*~tactically~*~*~ (stealth).
  1827 | D:3      | Reached XP level 5. HP: 30/32 MP: 5/5
  1875 | D:3      | 1875 ||| DROPPING +0 whip.
  2224 | D:3      | 2224 ||| READING scroll labelled AMIZXOCL VOANY.
  2281 | D:4      | 2281 ||| Stepping ~*~*~tactically~*~*~ (stealth).
  2347 | D:4      | 2347 ||| Stepping ~*~*~tactically~*~*~ (stealth).
  2352 | D:4      | 2352 ||| Stepping ~*~*~tactically~*~*~ (stealth).
  2377 | D:4      | HP: 5/32 [orc wizard/puff of flame (9)]
  2378 | D:4      | 2378 ||| READING scroll of teleportation.
  2378 | D:4      | HP: 2/32 [orc priest/+0 hand axe (3)]
  2381 | D:4      | Slain by an orc priest

Levels and vault maps discovered:
D:1:      beargit_arrival_diablo_church, layout_rooms
D:2:      layout_rooms
D:3:      layout_loops_ring
D:4:      layout_basic, uniq_menkaure, uniq_eustachio

Skill      XL: |  1  2  3  4 |
---------------+-------------+-----
Axes           | 2 3 4 |  4.8
Fighting       | |  3.2
Armour         | |  3.2
Shields        | |  3.2

Action                     |  1- 3 |  4- 6 || total
---------------------------+-------+-------++-------
  Melee: War axe           |    93 |   128 ||   221
  Throw: Boomerang         |       |    10 ||    10
    Use: Scroll            |     3 |    10 ||    13
         Potion            |       |     1 ||     1
 Armour: Scale mail        |    61 |    84 ||   145
  Dodge: Dodged            |    55 |    49 ||   104
  Block: Buckler           |    17 |    23 ||    40

Table legend:
 A = Non-vault XP
 B = Vault XP
 C = Vault XP percentage of total XP
 D = Non-vault monster count
 E = Vault monster count
 F = Vault count percentage of total count
                 A         B        C        D         E       F
            +---------+---------+-------+---------+---------+-------
      Total |     212 |       0 |   0.0 |      68 |       0 |   0.0
            +---------+---------+-------+---------+---------+-------
        D:1 |      50 |       0 |   0.0 |      27 |       0 |   0.0
        D:2 |      58 |       0 |   0.0 |      16 |       0 |   0.0
        D:3 |      94 |       0 |   0.0 |      21 |       0 |   0.0
        D:4 |      10 |       0 |   0.0 |       4 |       0 |   0.0
            +---------+---------+-------+---------+---------+-------
